 Dungeon Crawl Stone Soup version 0.21.1-1-g345015f (webtiles) character file.

204 jamsan the Caller (level 5, -9/24 HPs)
             Began as a Felid Summoner on June 18, 2018.
             Splashed by Ijyb's acid (14 damage)
             ... on level 5 of the Dungeon.
             The game lasted 00:41:43 (7956 turns).

jamsan the Caller (Felid Summoner)                  Turns: 7956, Time: 00:41:43

Health: -9/24      AC: -3    Str:  4    XL:     5   Next: 52%
Magic:  8/11       EV: 19    Int: 18    God:
Gold:   101        SH:  0    Dex: 20    Spells: 0/10 levels left
                                        Lives:  0   Deaths: 1

rFire    . . .     SeeInvis +   (weapon unavailable)
rCold    . . .     Gourm    +   (shield unavailable)
rNeg     . . .     Faith    .   (armour unavailable)
rPois    .         Spirit   .   (helmet unavailable)
rElec    .         Reflect  .   (cloak unavailable)
rCorr    .         Harm     .   (gloves unavailable)
MR       .....                  (boots unavailable)
Stlth    +++.......             i - amulet of the gourmand
HPRegen  0.08/turn              o - +4 ring of dexterity
MPRegen  0.12/turn              (no ring)

@: corroded, quick
A: very small, no armour, no weapons or thrown items, stealth, claws 1, fangs 3,
see invisible, carnivore, speed 1, shaggy fur 1, slow metabolism 1, sharp paws
a: no special abilities


You were on level 5 of the Dungeon.
You were not hungry.

You visited 2 branches of the dungeon, and saw 7 of its levels.

You collected 251 gold pieces.
You spent 150 gold pieces at shops.

Inventory:

Jewellery
 i - an amulet of the gourmand (around neck)
 o - a +4 ring of dexterity (left paw)
Wands
 j - a wand of clouds (7)
Scrolls
 c - 3 scrolls of blinking
 d - 2 scrolls of magic mapping {unknown}
 f - 5 scrolls of teleportation
 k - 2 scrolls of fog
 m - 2 scrolls of identify
 p - a scroll of amnesia {unknown}
 s - a scroll of enchant weapon {unknown}
Potions
 e - a potion of ambrosia {unknown}
 g - a potion of mutation {unknown}
 h - 4 potions of flight
 n - a potion of curing
Books
 a - a book of Callings

   Spells                             Type                      Level
   a - Summon Small Mammal            Summoning                    1
   b - Call Imp                       Summoning                    2
   c - Call Canine Familiar           Summoning                    3
   d - Summon Guardian Golem          Hexes/Summoning              3
   e - Summon Lightning Spire         Summoning/Air                4
   f - Summon Ice Beast               Ice/Summoning                4
 q - a book of Geomancy

   Spells                             Type                      Level
   a - Sandblast                      Earth                        1
   b - Passwall                       Transmutation/Earth          2
   c - Stone Arrow                    Conjuration/Earth            3
   d - Petrify                        Transmutation/Earth          4
   e - Lee's Rapid Deconstruction     Earth                        5
Comestibles
 b - 9 rations


   Skills:
 - Level 3.0 Fighting
 + Level 3.7 Dodging
 - Level 2.8 Stealth
 + Level 3.4 Spellcasting
 * Level 5.6 Summonings


You couldn't memorise any spells.
You knew the following spells:

 Your Spells              Type           Power        Failure   Level  Hunger
a - Summon Small Mammal   Summ           ###.         1%          1    None
b - Call Imp              Summ           ###.....     2%          2    ##.....
c - Call Canine Familiar  Summ           ###.....     4%          3    ###....
d - Summon Ice Beast      Ice/Summ       ##......     43%         4    ####...


Dungeon Overview and Level Annotations

Branches:
Dungeon (6/15)             Temple (1/1) D:5

Altars:
Cheibriados
Dithmenos
Fedhas
Gozag
Kikubaaqudgha
Makhleb
Nemelex Xobeh
Okawaru
Qazlal
Ru
Uskayaw
Wu Jian
The Shining One

Shops:
D:4 [?[(%

Annotations:
D:5 Ijyb


Innate Abilities, Weirdness & Mutations

You cannot wear armour.
You are incapable of wielding weapons or throwing items.
Your paws allow you to move quietly. (Stealth)
You have sharp claws.
You have razor-sharp teeth.
You have supernaturally acute eyesight. (SInv)
You are carnivorous and can eat meat at any time.
You cover ground quickly.
You are covered in fur. (AC +1)
You have a slow metabolism.
Your sharp claws are effective at attacking unaware monsters.


Message History

You climb upwards.
Welcome back to the Dungeon!
Level annotation: Ijyb
There is a staircase to the Ecumenical Temple here.
There is an open door here.
You open the door.
There is an open door here.
There is a stone staircase leading up here.
There is an open door here.
There is an open door here.
There is an escape hatch in the floor here.
Ijyb is too close now for your liking.
Casting: Call Canine Familiar
Confirm with . or Enter, or press ? or * to list all spells.
Ijyb shouts!
Ijyb zaps a wand.
The bolt of acid hits you!
Ouch! That really hurt!
* * * LOW HITPOINT WARNING * * *
The acid corrodes you!
You are splashed with acid!
The acid burns!
Ouch! That really hurt!
You die...

###.###################.## ###'
###.# #.......5.....# #..# #...
....# #.###########.# ##.# #...
##### #.#.........#.# #.## #...
#5#.#..#.##.#.# #..# ###'
#.#.#..#.##.#.#####(######.
#.#.#..#....#.....>.......(
#.#.#..#.####..####=.#####.
#.#.#.g...@....#####.# #.
#%#.#.##'####......#.## #.
#.#.#...h[# #......#..# #.
#######.#.#.....# #......##.## #.
...5....#.#.....# #......##..# #.
#########.#.....###......###.###'
.......##.........##'##### #.....
.......##.........##.# ##....
.......'..........##.# #....


You could see Ijyb.

Vanquished Creatures
  An adder skeleton (D:3)
  A leopard gecko (D:3)
  A giant cockroach (D:5)
  A goblin (D:2)
  A hobgoblin (D:3)
  A frilled lizard (D:3)
  2 kobolds
8 creatures vanquished.

Vanquished Creatures (collateral kills)
  An ice beast (D:5)
  2 scorpions (D:5)
  2 orc priests (D:3)
  2 orc wizards
  A worker ant (D:5)
  A howler monkey zombie (D:3)
  2 worker ant zombies
  Robin (D:2)
  6 adders
  A howler monkey skeleton (D:3)
  A shadow imp (D:5)
  An adder zombie (D:3)
  2 adder skeletons
  2 worms
  5 dart slugs
  3 leopard geckos
  17 orcs
  2 giant cockroaches (D:2)
  11 goblins
  11 hobgoblins
  7 jackals
  8 kobolds
  3 quokkas
  3 bats
  4 frilled lizards
  A giant cockroach zombie (D:3)
  A jackal skeleton (D:3)
  2 leopard gecko skeletons
  A leopard gecko zombie (D:3)
  7 rats
111 creatures vanquished.

Grand Total: 119 creatures vanquished

Notes
Turn   | Place    | Note
-------+----------+-------------------------------------------
     0 | D:1      | jamsan the Felid Summoner began the quest for the Orb.
     0 | D:1      | Reached XP level 1. HP: 7/7 MP: 4/4
   468 | D:1      | Reached XP level 2. HP: 11/11 MP: 1/6
   485 | D:1      | Learned a level 2 spell: Call Imp
  1258 | D:2      | Reached XP level 3. HP: 14/14 MP: 2/8
  1715 | D:2      | Noticed Robin
  2352 | D:2      | Killed Robin
  2950 | D:2      | Learned a level 3 spell: Call Canine Familiar
  3163 | D:2      | Reached XP level 4. HP: 10/18 MP: 0/9
  3206 | D:2      | Reached skill level 1 in Fighting
  4133 | D:3      | Reached XP level 5. HP: 22/22 MP: 3/10
  4247 | D:3      | Reached skill level 5 in Summonings
  4395 | D:3      | Learned a level 4 spell: Summon Ice Beast
  4679 | D:3      | You fall through a shaft!
  4748 | D:4      | Found Othal's Antique Weapon Shoppe.
  4807 | D:4      | Found a sacrificial altar of Ru.
  4902 | D:4      | Found Gulec's Magic Scroll Shoppe.
  4914 | D:4      | Bought a scroll of fog for 24 gold pieces
  4914 | D:4      | Bought a scroll of teleportation for 36 gold pieces
  4914 | D:4      | Bought a scroll of blinking for 90 gold pieces
  5538 | D:4      | Found Ruofigyq's Armour Emporium.
  5544 | D:4      | Found Hise's Food Emporium.
  5560 | D:4      | Found Coserhaa's Armour Shop.
  6330 | D:5      | Entered Level 5 of the Dungeon
  6641 | D:5      | Found a stormy altar of Qazlal.
  6695 | D:5      | Noticed an ice beast
  6715 | D:5      | Killed an ice beast
  6731 | D:5      | Noticed Ijyb
  6737 | D:5      | Splashed by Ijyb's acid
  6738 | D:5      | Reached XP level 4. HP: 0/20 MP: 2/9
  6780 | D:5      | Reached XP level 5. HP: 24/24 MP: 0/11
  6799 | D:5      | Noticed an ogre
  7027 | D:5      | Found an iron altar of Okawaru.
  7027 | D:5      | Found a hide-covered altar of Uskayaw.
  7526 | D:5      | Found a staircase to the Ecumenical Temple.
  7549 | Temple   | Entered the Ecumenical Temple
  7956 | D:5      | Splashed by Ijyb's acid

Skill      XL: |  1  2  3  4  5 |
---------------+----------------+-----
Dodging        | 3 |  3.7
Fighting       | 2 3 |  3.0
Spellcasting   | 3 |  3.4
Summonings     | 5 |  5.6
Stealth        | |  2.8

Action                   |  1- 3 |  4- 6 || total
-------------------------+-------+-------++-------
Melee: Unarmed           |    23 |    10 ||    33
       Bite              |     2 |     3 ||     5
 Cast: Summon Small Mamm |    28 |    14 ||    42
       Call Imp          |    55 |    55 ||   110
       Call Canine Famil |       |    57 ||    57
Evoke: Wand              |       |     1 ||     1
  Use: Scroll            |     3 |     3 ||     6
 Stab: Distracted        |     1 |       ||     1
       Sleeping          |       |     1 ||     1
  Eat: Chunk             |     9 |    11 ||    20
Armor: Skin              |     4 |     1 ||     5
Dodge: Dodged            |    49 |    24 ||    73
